 Dungeon Crawl Stone Soup version 0.29.0-4-gdea44cf6ec (webtiles) character file.

Game seed: 12452098428918430945

15689 qw the Cleaver (level 12, -5/95 HPs)
             Began as a Demonspawn Cinder Acolyte on Sept 9, 2022.
             Was an Initiate of Ignis.
             Succumbed to a cane toad's poison
             ... on level 3 of the Lair of Beasts.
             The game lasted 00:04:11 (11999 turns).

qw the Cleaver (Demonspawn Cinder Acolyte)         Turns: 11999, Time: 00:04:12

Health: -5/95      AC: 24    Str: 19    XL:     12   Next: 3%
Magic:  13/13      EV:  8    Int: 17    God:    Ignis [......]
Gold:   551        SH:  0    Dex:  8    Spells: 13/13 levels left

rFire   + . .      SeeInvis +   Y - +4 war axe (freeze)
rCold   . . .      Faith    .   (no shield)
rNeg    . . .      Spirit   .   j - +0 plate armour
rPois   .          Reflect  .   f - +2 hat
rElec   .          Harm     .   c - +0 cloak
rCorr   .          Rampage  .   o - +2 pair of gloves {hurl}
Will    .....                   (no boots)
Stlth   ..........              (no amulet)
HPRegen 0.25/turn               h - ring of see invisible
MPRegen 0.13/turn               i - +4 ring of protection

@: lethally poisoned (-5 -> -30), about to teleport, slowed, very slow
A: horns 2, ignite blood 1, powered by pain 2, sturdy frame 2
a: Renounce Religion, Rising Flame


You were on level 3 of the Lair of Beasts.
You worshipped Ignis.
Ignis was noncommittal.
You visited 2 branches of the dungeon, and saw 12 of its levels.
You also visited: Sewer.

You collected 551 gold pieces.


Innate Abilities, Weirdness & Mutations

You have a pair of horns on your head.
Your demonic aura sometimes causes spilled blood to erupt in flames.
You sometimes gain power by taking damage.
Your movements are less encumbered by armour. (ER -4)


   Skills:
 - Level 9.0 Fighting
 + Level 13.9 Axes
 - Level 4.1 Throwing
 - Level 7.3 Armour
 - Level 2.3 Dodging
 - Level 1.0 Spellcasting
 - Level 2.6 Fire Magic


You had 13 spell levels left.
You didn't know any spells.
Your spell library contained the following spells:

 Spells                   Type           Power      Damage    Failure   Level
 Scorch                   Fire           18%        2d5       58%         2

Inventory:

Hand Weapons
 e - a -1 hand axe of flaming
 Y - a +4 war axe of freezing (weapon)
Missiles
 q - 2 boomerangs (quivered)
Armour
 c - a +0 cloak (worn)
 f - a +2 hat (worn)
 j - a +0 plate armour (worn)
 o - a +2 pair of gloves of hurling (worn)
Jewellery
 h - a ring of see invisible (left hand)
 i - a +4 ring of protection (right hand)
 n - a ring of ice
 p - a ring of fire
Scrolls
 a - a scroll of teleportation
 g - 2 scrolls of identify
 s - a scroll of magic mapping {unknown}
Potions
 b - 2 potions of cancellation
 d - 2 potions of haste
 k - a potion of curing
 l - a potion of might
 r - a potion of mutation

Dungeon Overview and Level Annotations

Branches:
Dungeon (9/15)             Temple (0/1) D:4            Lair (3/5) D:9
  Swamp (0/4) Lair:2       Spider (0/4) Lair:2        Sewer (visited)
    Orc: D:9-12

Altars:
Cheibriados
Dithmenos
Fedhas
Nemelex Xobeh
Trog
Wu Jian
Xom

Portals:
Abyss: D:6

Annotations:
D:6 2 transporters, qw's ghost, novice MiBe


Message History

You freeze the torpor snail. You hit the death yak but do no damage.
The death yak gores you but does no damage.
The death yak is engulfed in blazing flames.
The death yak gores you but does no damage. x2
The torpor snail bites you but does no damage.
The death yak gores you! x2
The death yak is engulfed in blazing flames.
The death yak gores you.
The death yak is engulfed in blazing flames.
The death yak gores you!
You slash the death yak! You freeze the death yak. You headbutt the death yak.
The death yak is almost dead.
You hit the death yak. You freeze the death yak. You hit the death yak.
You freeze the death yak. You hit the death yak but do no damage.
You hit the torpor snail. You freeze the torpor snail.
The torpor snail bites you but does no damage.
The death yak is engulfed in blazing flames.
The death yak barely misses you.
The death yak is engulfed in blazing flames.
You kill the death yak!
The death yak gores you! x2
You have reached level 12!
You feel stronger.
11998 ||| READING 2 scrolls of teleportation.
As you read the scroll of teleportation, it crumbles to dust.
You feel strangely unstable. The death yak barely misses you.
The death yak is engulfed in blazing flames.
The death yak gores you but does no damage.
The death yak is engulfed in blazing flames.
The death yak gores you but does no damage.
The torpor snail bites you but does no damage.
The cane toad stings you.
You are lethally poisoned!
The cane toad poisons you!
You hit the death yak but do no damage.
The death yak is heavily wounded.
You barely miss the cane toad. You hit the death yak but do no damage.
You hit the torpor snail but do no damage.
You slash the death yak! You freeze the death yak.
You die...

## P#.# ....##
.....P###
........####
......YY.#.##
......Y@....##
......Fw...#.##
(......0.....P#
..............##
...#.#.........##
...#.#......#...##
.. #.##..........#
##.........###
#........#..#


You could see 3 death yaks, a torpor snail and a cane toad.

Vanquished Creatures
  Gastronok (Lair:1)
  3 hydras
  A death yak (Lair:3)
  3 elephants (Lair:2)
  4 cane toads
  3 komodo dragons
  A polar bear (Lair:3)
  A tyrant leech (Lair:2)
  A hornet (D:8)
  A culicivora (Lair:2)
  22 yaks
  A wyvern (Lair:2)
  Grum (D:9)
  A redback (Lair:2)
  2 swamp worms (Lair:2)
  2 wargs (D:9)
  6 water moccasins
  Duvessa (D:4)
  A black bear (D:6)
  3 orc warriors (D:9)
  An ice beast (D:5)
  An ogre (D:5)
  11 wolves
  3 centaurs
  A kobold brigand (D:8)
  5 scorpions
  A necrophage (D:6)
  8 bullfrogs
  4 wights (D:6)
  Dowan (D:4)
  6 orc priests
  4 hounds
  2 jellies
  2 iguanas
  Ijyb (D:3)
  A merfolk siren (Sewer)
  10 orc wizards
  A merfolk avatar (Sewer)
  Robin (D:2)
  3 gnolls (D:4)
  8 adders
  A river rat (D:3)
  A white imp (D:8)
  2 ufetubi
  A worm (D:2)
  4 dart slugs
  23 orcs
  15 ball pythons
  2 endoplasms
  6 giant cockroaches
  13 goblins
  9 hobgoblins
  15 jackals
  10 kobolds
  3 quokkas
  6 bats
  12 frilled lizards
  31 rats
288 creatures vanquished.

Vanquished Creatures (others)
  A goblin (D:2)
  2 fungi (Lair:2)
  3 plants
6 creatures vanquished.

Grand Total: 294 creatures vanquished

Notes
Turn   | Place    | Note
-------+----------+-------------------------------------------
     0 | D:1      | qw the Demonspawn Cinder Acolyte began the quest for the
                  | Orb.
     0 | D:1      | Reached XP level 1. HP: 18/18 MP: 2/2
     0 | D:1      | 0 ||| qw: Version: 0.1-a-113-g051387a
     0 | D:1      | 0 ||| qw: Game counter: 7045
     0 | D:1      | 0 ||| qw: Always use a shield: true
     0 | D:1      | 0 ||| qw: God list: Okawaru
     0 | D:1      | 0 ||| qw: Allow faded altars: false
     0 | D:1      | 0 ||| qw: Do Orc after D:15 true
     0 | D:1      | 0 ||| qw: Do second Lair branch before Depths: true
     0 | D:1      | 0 ||| qw: Lair rune preference: random
     0 | D:1      | 0 ||| qw: Plans: Normal
     0 | D:1      | 0 ||| PLANNING D:1-11
    65 | D:1      | Reached skill level 3 in Axes
   206 | D:1      | 206 ||| Stepping ~*~*~tactically~*~*~ (hiding).
   305 | D:1      | Gained mutation: You have a pair of small horns on your
                  | head. [demonic ancestry]
   305 | D:1      | Reached XP level 2. HP: 24/24 MP: 3/3
   420 | D:1      | 420 ||| Stepping ~*~*~tactically~*~*~ (stealth).
   626 | D:1      | 626 ||| Stepping ~*~*~tactically~*~*~ (stealth).
   856 | D:1      | 856 ||| UPGRADING to +0 leather armour.
   866 | D:1      | 866 ||| DROPPING +0 robe.
   867 | D:1      | 867 ||| UPGRADING to +0 scale mail.
   877 | D:1      | 877 ||| DROPPING +0 leather armour.
   878 | D:1      | 878 ||| UPGRADING to ring of see invisible.
   879 | D:1      | 879 ||| UPGRADING to +4 ring of protection.
   880 | D:1      | 880 ||| READING scroll labelled HAENEDDITI.
   881 | D:1      | 881 ||| READING scroll labelled LIALUR IC SEBOT.
   882 | D:1      | 882 ||| READING scroll labelled PIUHUM TETO.
   883 | D:1      | 883 ||| READING scroll labelled SOYRPH PUTUPORI.
   984 | D:1      | 984 ||| READING scroll labelled ESOZXEFFABO.
  1053 | D:2      | Gained mutation: Your movements are slightly less
                  | encumbered by armour. (ER -2) [demonic ancestry]
  1053 | D:2      | Reached XP level 3. HP: 27/29 MP: 4/4
  1080 | D:2      | Found a faded altar of an unknown god.
  1162 | D:2      | Reached skill level 4 in Axes
  1319 | D:2      | 1319 ||| Stepping ~*~*~tactically~*~*~ (stealth).
  1344 | D:2      | 1344 ||| INVOKING Fiery Armour.
  1346 | D:2      | Reached skill level 1 in Armour
  1355 | D:2      | 1355 ||| Stepping ~*~*~tactically~*~*~ (stealth).
  1747 | D:2      | 1747 ||| Stepping ~*~*~tactically~*~*~ (stealth).
  1748 | D:2      | Noticed Robin
  1749 | D:2      | 1749 ||| Stepping ~*~*~tactically~*~*~ (hiding).
  1762 | D:2      | 1762 ||| INVOKING Fiery Armour.
  1767 | D:2      | Killed Robin
  1768 | D:2      | Gained mutation: You sometimes gain a little power by
                  | taking damage. [demonic ancestry]
  1768 | D:2      | Reached XP level 4. HP: 35/35 MP: 5/5
  1913 | D:2      | 1913 ||| UPGRADING to +2 hat.
  1918 | D:2      | 1918 ||| READING 3 scrolls labelled QUZUTH QOXAHIAW.
  1919 | D:2      | 1919 ||| READING scroll labelled ASON FAXTEJOQ.
  1923 | D:2      | 1923 ||| DRINKING 2 orange potions.
  1924 | D:2      | 1924 ||| DRINKING 2 amethyst potions.
  1925 | D:2      | 1925 ||| READING 2 scrolls of identify.
  1925 | D:2      | 1925 ||| IDENTIFYING pink potion
  1926 | D:2      | 1926 ||| DROPPING potion of attraction.
  1953 | D:3      | 1953 ||| PLANNING SEWER
  1982 | D:3      | 1982 ||| Stepping ~*~*~tactically~*~*~ (stealth).
  1983 | D:3      | 1983 ||| Stepping ~*~*~tactically~*~*~ (stealth).
  2153 | D:3      | Found a shadowy altar of Dithmenos.
  2156 | D:3      | Found a sparkling altar of Nemelex Xobeh.
  2156 | D:3      | Found a blossoming altar of Fedhas.
  2196 | D:3      | Found an ornate altar of the Wu Jian Council.
  2199 | D:3      | Noticed Ijyb
  2207 | D:3      | Killed Ijyb
  2387 | D:3      | Found a bloodstained altar of Trog.
  2439 | D:3      | Reached skill level 5 in Axes
  2462 | D:3      | Found a glowing drain.
  2476 | D:3      | 2476 ||| INVOKING Fiery Armour.
  2478 | D:3      | Reached skill level 1 in Dodging
  2478 | D:3      | Reached XP level 5. HP: 16/41 MP: 6/6
  2679 | D:3      | 2679 ||| DROPPING +6 ring of intelligence.
  2683 | Sewer    | Entered a sewer
  2725 | Sewer    | 2725 ||| Stepping ~*~*~tactically~*~*~ (stealth).
  2806 | Sewer    | 2806 ||| INVOKING Fiery Armour.
  3025 | Sewer    | 3025 ||| Stepping ~*~*~tactically~*~*~ (stealth).
  3032 | Sewer    | 3032 ||| Stepping ~*~*~tactically~*~*~ (stealth).
  3043 | Sewer    | 3043 ||| Stepping ~*~*~tactically~*~*~ (stealth).
  3110 | Sewer    | 3110 ||| Stepping ~*~*~tactically~*~*~ (water).
  3117 | Sewer    | 3117 ||| INVOKING Fiery Armour.
  3318 | D:3      | 3318 ||| PLANNING D:1-11
  3359 | D:3      | 3359 ||| INVOKING Fiery Armour.
  3363 | D:3      | Gained mutation: Your movements are less encumbered by
                  | armour. (ER -4) [demonic ancestry]
  3363 | D:3      | Reached XP level 6. HP: 30/47 MP: 7/7
  3363 | D:3      | HP: 8/47 [orc priest/+0 war axe of electrocution (19)]
  3364 | D:3      | 3364 ||| READING 2 scrolls of teleportation.
  3698 | D:3      | Found a snail-covered altar of Cheibriados.
  3876 | D:3      | 3876 ||| Stepping ~*~*~tactically~*~*~ (hiding).
  3992 | D:4      | 3992 ||| Stepping ~*~*~tactically~*~*~ (hiding).
  4002 | D:4      | Reached skill level 6 in Axes
  4002 | D:4      | 4002 ||| STAIRDANCE
  4036 | D:4      | 4036 ||| STAIRDANCE
  4048 | D:4      | 4048 ||| STAIRDANCE
  4067 | D:4      | 4067 ||| STAIRDANCE
  4213 | D:4      | Noticed Duvessa
  4213 | D:4      | Noticed Dowan
  4214 | D:4      | 4214 ||| Stepping ~*~*~tactically~*~*~ (hiding).
  4216 | D:4      | 4216 ||| INVOKING Fiery Armour.
  4229 | D:4      | Killed Duvessa
  4236 | D:4      | Killed Dowan
  4463 | D:4      | 4463 ||| Stepping ~*~*~tactically~*~*~ (stealth).
  4472 | D:4      | 4472 ||| Stepping ~*~*~tactically~*~*~ (stealth).
  4593 | D:4      | Gained mutation: You have a pair of horns on your head.
                  | [demonic ancestry]
  4593 | D:4      | Reached XP level 7. HP: 44/54 MP: 8/8
  4832 | D:4      | 4832 ||| Stepping ~*~*~tactically~*~*~ (hiding).
  4984 | D:4      | Found a staircase to the Ecumenical Temple.
  5064 | D:4      | 5064 ||| Stepping ~*~*~tactically~*~*~ (hiding).
  5295 | D:4      | 5295 ||| UPGRADING to +3 scale mail of poison resistance.
  5305 | D:4      | 5305 ||| DROPPING +0 scale mail.
  5306 | D:4      | 5306 ||| READING scroll labelled BOLOOS GOEMIAP.
  5307 | D:4      | 5307 ||| READING scroll labelled FAABBA UPRAICW.
  5308 | D:4      | 5308 ||| DRINKING 2 green potions.
  5309 | D:4      | 5309 ||| READING 3 scrolls of identify.
  5309 | D:4      | 5309 ||| IDENTIFYING sedimented emerald potion
  5310 | D:4      | 5310 ||| READING 2 scrolls of identify.
  5310 | D:4      | 5310 ||| IDENTIFYING inky potion
  5311 | D:4      | 5311 ||| DROPPING potion of invisibility.
  5312 | D:4      | 5312 ||| DROPPING potion of degeneration.
  5336 | D:5      | Entered Level 5 of the Dungeon
  5356 | D:5      | Reached skill level 7 in Axes
  5470 | D:5      | 5470 ||| Stepping ~*~*~tactically~*~*~ (hiding).
  5471 | D:5      | 5471 ||| Stepping ~*~*~tactically~*~*~ (hiding).
  5639 | D:5      | Reached skill level 8 in Axes
  5810 | D:5      | 5810 ||| Stepping ~*~*~tactically~*~*~ (stealth).
  5811 | D:5      | 5811 ||| Stepping ~*~*~tactically~*~*~ (stealth).
  5871 | D:5      | 5871 ||| INVOKING Fiery Armour.
  5875 | D:5      | Gained mutation: Your demonic aura sometimes causes spilled
                  | blood to erupt in flames. [demonic ancestry]
  5875 | D:5      | Reached XP level 8. HP: 26/61 MP: 9/9
  6459 | D:5      | 6459 ||| Stepping ~*~*~tactically~*~*~ (hiding).
  6461 | D:5      | 6461 ||| Stepping ~*~*~tactically~*~*~ (hiding).
  6588 | D:5      | 6588 ||| UPGRADING to +0 cloak.
  6593 | D:5      | 6593 ||| UPGRADING to +2 pair of gloves of hurling.
  6598 | D:5      | 6598 ||| READING scroll labelled JAEXIKHL SAIDOA.
  6599 | D:5      | 6599 ||| READING scroll labelled HOSHRE KUWEF.
  6600 | D:5      | 6600 ||| DRINKING 2 dark potions.
  6643 | D:6      | Found a transporter.
  6658 | D:6      | Noticed a red devil
  6717 | D:6      | 6717 ||| Stepping ~*~*~tactically~*~*~ (stealth).
  6722 | D:6      | 6722 ||| DRINKING potion of curing.
  6722 | D:6      | 6722 ||| (to cure confusion)
  6748 | D:6      | 6748 ||| Stepping ~*~*~tactically~*~*~ (stealth).
  6782 | D:6      | 6782 ||| Stepping ~*~*~tactically~*~*~ (stealth).
  6807 | D:6      | 6807 ||| Stepping ~*~*~tactically~*~*~ (stealth).
  6809 | D:6      | 6809 ||| Stepping ~*~*~tactically~*~*~ (stealth).
  6865 | D:6      | Reached skill level 9 in Axes
  6879 | D:6      | Reached skill level 6 in Fighting
  7013 | D:6      | Found a shimmering altar of Xom.
  7116 | D:6      | You fall into a shaft and drop 3 floors!
  7150 | D:9      | 7150 ||| Stepping ~*~*~tactically~*~*~ (hiding).
  7161 | D:9      | Noticed Grum
  7162 | D:9      | 7162 ||| INVOKING Fiery Armour.
  7163 | D:9      | Reached XP level 9. HP: 62/69 MP: 10/10
  7166 | D:9      | Reached skill level 10 in Axes
  7172 | D:9      | Killed Grum
  7173 | D:9      | Reached skill level 3 in Armour
  7430 | D:9      | 7430 ||| Stepping ~*~*~tactically~*~*~ (stealth).
  7457 | D:9      | 7457 ||| INVOKING Fiery Armour.
  7651 | D:9      | Found a staircase to the Lair.
  7977 | D:9      | Reached skill level 11 in Axes
  7993 | D:9      | 7993 ||| UPGRADING to +0 plate armour.
  8003 | D:9      | 8003 ||| DROPPING +3 scale mail of poison resistance.
  8004 | D:9      | 8004 ||| READING 4 scrolls of identify.
  8004 | D:9      | 8004 ||| IDENTIFYING fuming clear potion
  8005 | D:9      | 8005 ||| READING 3 scrolls of identify.
  8005 | D:9      | 8005 ||| IDENTIFYING murky golden potion
  8006 | D:9      | 8006 ||| DROPPING potion of magic.
  8011 | D:9      | 8011 ||| INVOKING Fiery Armour.
  8023 | D:9      | Gained mutation: You sometimes gain power by taking damage.
                  | [demonic ancestry]
  8023 | D:9      | Reached XP level 10. HP: 65/79 MP: 11/11
  8222 | D:6      | 8222 ||| Stepping ~*~*~tactically~*~*~ (hiding).
  8308 | D:6      | 8308 ||| SWAPPING to +3 war axe of freezing.
  8388 | D:6      | Found a transporter.
  8427 | D:6      | Found a one-way gate to the infinite horrors of the Abyss.
  8437 | D:6      | Noticed qw's ghost (novice MiBe)
  8590 | D:6      | 8590 ||| PLANNING LAIR
  8707 | Lair:1   | Entered Level 1 of the Lair of Beasts
  8736 | Lair:1   | Noticed Gastronok
  8737 | Lair:1   | 8737 ||| Stepping ~*~*~tactically~*~*~ (hiding).
  8738 | Lair:1   | 8738 ||| Stepping ~*~*~tactically~*~*~ (hiding).
  8740 | Lair:1   | 8740 ||| Stepping ~*~*~tactically~*~*~ (hiding).
  8746 | Lair:1   | 8746 ||| Stepping ~*~*~tactically~*~*~ (hiding).
  8763 | Lair:1   | 8763 ||| INVOKING Fiery Armour.
  8766 | Lair:1   | HP: 12/79 [Gastronok/the air (27)]
  8767 | Lair:1   | 8767 ||| READING 4 scrolls of teleportation.
  8768 | Lair:1   | 8768 ||| DRINKING potion of heal wounds.
  8770 | Lair:1   | Killed Gastronok
  9063 | Lair:1   | 9063 ||| Stepping ~*~*~tactically~*~*~ (stealth).
  9064 | Lair:1   | 9064 ||| Stepping ~*~*~tactically~*~*~ (stealth).
  9065 | Lair:1   | 9065 ||| Stepping ~*~*~tactically~*~*~ (stealth).
  9072 | Lair:1   | 9072 ||| Stepping ~*~*~tactically~*~*~ (stealth).
  9074 | Lair:1   | 9074 ||| Stepping ~*~*~tactically~*~*~ (stealth).
  9216 | Lair:1   | Reached skill level 1 in Throwing
  9340 | Lair:1   | Noticed a cane toad
  9345 | Lair:1   | Killed a cane toad
  9616 | Lair:1   | 9616 ||| READING scroll labelled NIM RISINAG.
  9617 | Lair:1   | 9617 ||| READING 4 scrolls of identify.
  9617 | Lair:1   | 9617 ||| IDENTIFYING fizzy sapphire potion
  9618 | Lair:1   | 9618 ||| READING 3 scrolls of identify.
  9618 | Lair:1   | 9618 ||| IDENTIFYING blue potion
  9619 | Lair:1   | 9619 ||| DROPPING potion of brilliance.
  9663 | Lair:2   | Noticed an elephant
  9663 | Lair:2   | Noticed an elephant
  9664 | Lair:2   | Noticed an elephant
  9664 | Lair:2   | 9664 ||| Stepping ~*~*~tactically~*~*~ (stealth).
  9666 | Lair:2   | 9666 ||| Stepping ~*~*~tactically~*~*~ (stealth).
  9678 | Lair:2   | Killed an elephant
  9680 | Lair:2   | Killed an elephant
  9681 | Lair:2   | Reached XP level 11. HP: 81/86 MP: 12/12
  9685 | Lair:2   | Reached skill level 12 in Axes
 10005 | Lair:2   | Noticed a four-headed hydra
 10006 | Lair:2   | 10006 ||| Stepping ~*~*~tactically~*~*~ (hiding).
 10007 | Lair:2   | 10007 ||| SWAPPING to -1 hand axe of flaming.
 10009 | Lair:2   | 10009 ||| INVOKING Fiery Armour.
 10012 | Lair:2   | Killed a three-headed hydra
 10013 | Lair:2   | 10013 ||| SWAPPING to +4 war axe of freezing.
 10013 | Lair:2   | Noticed a seven-headed hydra
 10014 | Lair:2   | 10014 ||| SWAPPING to -1 hand axe of flaming.
 10017 | Lair:2   | 10017 ||| SWAPPING to +4 war axe of freezing.
 10018 | Lair:2   | 10018 ||| SWAPPING to -1 hand axe of flaming.
 10022 | Lair:2   | Killed a four-headed hydra
 10023 | Lair:2   | Reached skill level 13 in Axes
 10023 | Lair:2   | 10023 ||| SWAPPING to +4 war axe of freezing.
 10119 | Lair:2   | Found a staircase to the Swamp.
 10339 | Lair:2   | 10339 ||| Stepping ~*~*~tactically~*~*~ (stealth).
 10351 | Lair:2   | Reached skill level 9 in Fighting
 10656 | Lair:2   | 10656 ||| Stepping ~*~*~tactically~*~*~ (stealth).
 11096 | Lair:2   | Found a hole to the Spider Nest.
 11098 | Lair:2   | 11098 ||| Stepping ~*~*~tactically~*~*~ (stealth).
 11100 | Lair:2   | Reached skill level 3 in Throwing
 11100 | Lair:2   | 11100 ||| Stepping ~*~*~tactically~*~*~ (stealth).
 11102 | Lair:2   | 11102 ||| Stepping ~*~*~tactically~*~*~ (hiding).
 11565 | Lair:3   | Noticed a five-headed hydra
 11569 | Lair:3   | 11569 ||| SWAPPING to -1 hand axe of flaming.
 11577 | Lair:3   | Killed a one-headed hydra
 11578 | Lair:3   | 11578 ||| SWAPPING to +4 war axe of freezing.
 11585 | Lair:3   | HP: 11/89 [cane toad (14)]
 11586 | Lair:3   | 11586 ||| READING 3 scrolls of teleportation.
 11590 | Lair:3   | HP: 7/89 [poisoned by a cane toad]
 11987 | Lair:3   | Noticed a death yak
 11988 | Lair:3   | 11988 ||| Stepping ~*~*~tactically~*~*~ (stealth).
 11988 | Lair:3   | Noticed a death yak
 11988 | Lair:3   | Noticed a death yak
 11989 | Lair:3   | Noticed a death yak
 11997 | Lair:3   | Killed a death yak
 11997 | Lair:3   | HP: 15/89 [death yak (13)]
 11997 | Lair:3   | HP: 3/89 [death yak (12)]
 11998 | Lair:3   | Reached XP level 12. HP: 3/95 MP: 13/13
 11998 | Lair:3   | 11998 ||| READING 2 scrolls of teleportation.
 11999 | Lair:3   | Succumbed to a cane toad's poison

Levels and vault maps discovered:
D:1:      minmay_arrival_semitransparent, layout_rooms,
          minmay_stone_trees_medium, minmay_misc_feat_plants
D:2:      layout_loops_cross, shapermc_ecumenical_altar_mp_highgroup, uniq_robin
D:3:      layout_rooms, overflow_temple_1_default, lemuel_tele_altar,
          grunt_temple_overflow_open, nzn_wu_jian_council_hall,
          portal_sewer_entry_e, uniq_ijyb
D:4:      layout_loops_ring, minmay_temple_entry_nine_rooms, uniq_duvessa
D:5:      layout_gridville, lemuel_round_altar, dk_noncrumbling_4
D:6:      layout_rooms, lemuel_crystal_altar, gammafunk_ghost_abyssal_escape
D:7:      layout_cave_pools, mainiacjoe_overflow_chevrons, zin_angel,
          jmf_multi_god_temple2, kennysheep_dice
D:8:      layout_rooms, grunt_ministairs_9
D:9:      layout_layer_cave, erik_lair_orcish_takeover, uniq_erica, uniq_grum
Lair:1:   layout_regular_city, chequers_serial_rivers_small_3,
          wad_woods_road_05, uniq_gastronok
Lair:2:   layout_hall_layers, palyth_hydra_swamp_entry,
          spider_nest_entry_funnel_web, chequers_serial_rivers_large_b,
          grunt_megastairs_4
Lair:3:   layout_hall_layers, kennysheep_snail_temple, lemuel_fruit_tree

Skill      XL: |  1  2  3  4  5  6  7  8  9 10 11 |
---------------+----------------------------------+-----
Axes           | 3 4 5 6 8 9 11 13 | 13.9
Armour         | 1 2 4 7 |  7.3
Dodging        | 1 2 |  2.3
Fighting       | 4 6 7 8 9 |  9.0
Throwing       | 1 4 |  4.1
Spellcasting   | |  1.0
Fire Magic     | |  2.6

Action                   |  1- 3 |  4- 6 |  7- 9 | 10-12 || total
-------------------------+-------+-------+-------+-------++-------
Melee: Hand axe          |   111 |   234 |   319 |    50 ||   714
       Headbutt          |    10 |    23 |    54 |    43 ||   130
       Punch             |     2 |       |     5 |     1 ||     8
       War axe           |       |       |       |   168 ||   168
Throw: Boomerang         |       |       |       |    27 ||    27
       Javelin           |       |       |       |    15 ||    15
Invok: Fiery Armour      |     2 |     5 |     4 |     2 ||    13
  Use: Scroll            |     5 |     4 |     8 |     6 ||    23
       Potion            |       |     2 |     3 |     1 ||     6
Armor: Robe              |     7 |       |       |       ||     7
       Scale mail        |    34 |   123 |   187 |       ||   344
       Plate armour      |       |       |     7 |   143 ||   150
Dodge: Dodged            |    57 |   116 |   156 |    66 ||   395

Table legend:
 A = Non-vault XP
 B = Vault XP
 C = Vault XP percentage of total XP
 D = Non-vault monster count
 E = Vault monster count
 F = Vault count percentage of total count
                 A         B        C        D         E       F
            +---------+---------+-------+---------+---------+-------
      Total |   14362 |    8052 |  35.9 |     199 |      89 |  30.9
            +---------+---------+-------+---------+---------+-------
        D:1 |      32 |       0 |   0.0 |      20 |       0 |   0.0
        D:2 |      54 |      31 |  36.5 |      24 |      10 |  29.4
        D:3 |      97 |      69 |  41.6 |      15 |       9 |  37.5
        D:4 |     250 |     204 |  44.9 |      28 |       2 |   6.7
        D:5 |     826 |       0 |   0.0 |      16 |       0 |   0.0
        D:6 |    1361 |       0 |   0.0 |      27 |       0 |   0.0
        D:8 |     456 |       0 |   0.0 |       9 |       0 |   0.0
        D:9 |    1984 |    1263 |  38.9 |      19 |      14 |  42.4
     Lair:1 |    2131 |    1481 |  41.0 |      10 |       1 |   9.1
     Lair:2 |    3468 |    4887 |  58.5 |      19 |      12 |  38.7
     Lair:3 |    3703 |       0 |   0.0 |      12 |       0 |   0.0
      Sewer |       0 |     117 | 100.0 |       0 |      41 | 100.0
            +---------+---------+-------+---------+---------+-------
